Map: Habitation Station LE (Void)

Players

Musumeci - Winner!

  • Race: Zerg Zerg
  • League: Diamond
  • Spawn Location: 1:00

MonEwok

  • Race: Terran Terran
  • League: Diamond
  • Spawn Location: 11:00

VOD

Have the link to the VOD?

Description

Time

  • Played on: Dec. 22, 2016, 9:39 a.m.
  • Length: 14:33
Show
View Real Time Build Order
Export as new Build Order

Musumeci Zerg - Winner!

Build Orders: Hatch First 

Get SALT Encoding   

  12  0:01  Drone  
  13  0:11  Drone  
  14  0:16  Extractor  
  14  0:17  Drone  
  15  0:40  Hatchery  
  14  0:43  Extractor  
  14  0:46  Drone  
  15  1:08  Spawning Pool  
  14  1:12  Extractor  
  14  1:13  Drone, Extractor  
  14  1:18  Drone  
  14  1:20  Overlord  
  16  1:39  Drone  
  18  1:40  Drone  
  18  1:47  Drone  
  19  1:54  Queen  
  19  1:56  Queen  
  19  2:00  Drone  
  24  2:08  Drone  
  25  2:10  Overlord  
  25  2:13  Drone  
  26  2:16  Drone  
  27  2:25  Drone  
  27  2:28  Drone  
  27  2:29  Drone  
  30  2:33  Queen  
  31  2:40  Drone  
  32  2:46  Queen  
  32  2:49  Drone x2  
  36  3:02  Overlord  
  36  3:05  Overlord  
  36  3:23  Drone x7  
  43  3:36  Hatchery  
  43  3:39  Drone x2  
  43  3:41  Extractor  
  43  3:43  Extractor  
  43  3:45  Roach Warren  
  43  3:47  Drone  
  43  3:48  Drone x2  
  44  3:51  Overlord x3  
  44  4:09  Drone x3  
  49  4:10  Drone x2  
  49  4:16  Drone  
  50  4:17  Drone  
  51  4:25  Roach  
  51  4:29  Roach x3  
  59  4:43  Extractor  
  58  4:51  Extractor  
  57  4:55  Roach x2  
  61  5:01  Drone x3  
  61  5:02  Drone x2, Evolution Chamber x2  
  61  5:03  Drone  
  61  5:05  Drone x3  
  68  5:07  Drone  
  68  5:11  Roach x2  
  73  5:14  Lair  
  69  5:51  Queen  
  69  5:56  Drone x3  
  74  5:59  Extractor  
  74  6:00  Extractor  
  72  6:09  Zerg Ground Armor Level 1, Zerg Missile Weapons Level 1  
  72  6:12  Overlord x4  
  72  6:29  Queen  
  75  6:32  Drone  
  75  6:33  Drone x2  
  75  6:34  Drone x3  
  80  6:59  Spore Crawler x2  
  80  7:00  Roach  
  80  7:01  Roach x13  
  106  7:02  Spore Crawler  
  106  7:03  Spore Crawler  
  104  7:11  Ravager x2  
  104  7:14  Overlord x2  
  104  7:15  Overlord x4  
  104  7:56  Drone  
  105  8:03  Spore Crawler  
  104  8:07  Drone x11  
  104  8:08  Drone x3  
  118  8:16  Zerg Missile Weapons Level 2  
  118  8:17  Zerg Ground Armor Level 2  
  118  8:19  Hatchery, Extractor  
  116  8:21  Ravager x18  
  116  8:23  Extractor  
  127  8:38  Roach  
  127  8:39  Roach x8  
  136  8:59  Roach x5  
  136  9:01  Overlord x2  
  136  9:02  Overlord x2  
  122  9:18  Roach x10  
  136  9:26  Glial Reconstitution  
  133  9:31  Ravager x2  
  133  9:32  Ravager x4  
  133  9:35  Roach x4  
  137  9:44  Roach  
  137  9:45  Roach x5  
  131  10:21  Roach x8  
  134  10:22  Drone x3  
  134  10:23  Drone x2  
  147  10:28  Drone  
  147  10:29  Drone x4  
  147  10:30  Drone  
  147  10:32  Drone x3  
  156  10:47  Infestation Pit  
  155  10:56  Queen  
  155  11:02  Queen  
  155  11:03  Queen  
  159  11:06  Ravager  
  159  11:07  Ravager x17  
  177  11:11  Drone x6  
  177  11:12  Drone  
  184  11:29  Overlord x4  
  184  12:00  Spore Crawler x2  
  184  12:01  Spine Crawler  
  181  12:04  Spine Crawler  
  166  12:25  Roach x2  
  166  12:26  Roach x10  
  187  13:06  Hatchery  
  187  13:07  Hive  
  187  13:11  Ravager x6  
  146  13:39  Roach x13  
  146  13:40  Roach x14  
  170  13:55  Roach x6  
  176  14:00  Ravager x2  
  176  14:01  Ravager x25  
Show
View Real Time Build Order
Export as new Build Order

MonEwok Terran 

Build Orders: Reaper Expand, MMM Bio 

Get SALT Encoding   

  12  0:00  SCV  
  13  0:13  SCV  
  14  0:18  Supply Depot  
  14  0:25  SCV  
  15  0:29  Refinery  
  15  0:39  SCV  
  16  0:45  Barracks  
  16  0:52  SCV  
  17  1:04  SCV  
  18  1:16  SCV  
  19  1:33  Orbital Command  
  19  1:34  Reaper  
  20  1:50  Command Center  
  19  1:59  SCV  
  20  2:07  Barracks Tech Lab  
  20  2:10  Supply Depot  
  20  2:15  SCV  
  21  2:19  Barracks  
  21  2:29  Marine  
  22  2:30  Stimpack  
  22  2:44  Refinery  
  22  2:45  SCV  
  22  2:46  Factory  
  22  2:50  Marine  
  24  2:57  SCV  
  25  3:12  Marine  
  26  3:13  Barracks Reactor  
  26  3:15  Bunker  
  26  3:16  Orbital Command  
  26  3:23  SCV  
  27  3:30  Starport  
  27  3:35  SCV  
  27  3:39  Marine  
  27  3:40  Factory Reactor  
  29  3:46  SCV  
  29  3:47  SCV  
  31  3:51  Marine  
  31  3:52  Marine  
  33  3:57  Engineering Bay  
  33  3:58  SCV  
  33  3:59  Marine  
  35  4:09  SCV  
  36  4:10  SCV, Supply Depot  
  36  4:11  Marine x2  
  39  4:21  Marine  
  39  4:22  SCV x2  
  42  4:28  Supply Depot  
  42  4:30  Marine x2, Medivac  
  46  4:32  Medivac  
  46  4:34  SCV  
  49  4:39  SCV  
  49  4:40  Marine  
  49  4:43  Terran Infantry Weapons Level 1  
  49  4:44  Factory Tech Lab  
  51  4:48  Marine x2  
  53  4:53  SCV  
  53  4:55  Refinery  
  53  4:59  Marine, Combat Shields  
  54  5:05  Marine  
  54  5:06  Marine  
  57  5:17  Marine  
  58  5:25  Marine x2, Command Center  
  60  5:37  Siege Tank  
  60  5:47  Marine x2  
  60  5:49  Liberator  
  62  5:52  Supply Depot  
  62  5:54  Supply Depot  
  62  5:56  SCV x2  
  62  5:57  Marauder  
  66  6:08  SCV  
  70  6:14  SCV, Siege Tank  
  73  6:23  Marine x2  
  73  6:24  Marine  
  76  6:26  Medivac  
  78  6:42  Marauder  
  78  6:45  Marine x2  
  82  6:47  Orbital Command  
  82  6:50  Barracks  
  82  6:51  Barracks  
  82  6:53  Barracks  
  82  6:56  Medivac  
  84  7:03  Marine x2  
  86  7:12  Marine  
  87  7:17  SCV  
  87  7:19  Medivac  
  87  7:21  Marine x2  
  92  7:26  Orbital Command, Medivac  
  92  7:29  Marine  
  95  7:40  Marine x3  
  95  7:41  Marauder, Marine  
  101  7:54  Terran Infantry Armor Level 1  
  101  7:58  Engineering Bay  
  101  8:02  Supply Depot  
  101  8:18  Supply Depot  
  101  8:22  Supply Depot  
  101  8:23  Marine x5  
  101  8:24  Marauder  
  108  8:32  Siege Tank  
  107  8:41  Marine x5  
  107  8:48  Marine  
  107  8:58  SCV x3  
  107  8:59  Marine x5  
  97  9:26  Marine x5  
  97  9:27  Marauder  
  97  9:44  Marine  
  90  9:48  Marauder  
  92  9:55  Marine x4  
  92  10:02  Marine  
  84  10:10  Marauder  
  84  10:12  Marine  
  84  10:13  Marine  
  84  10:17  Marine x2  
  84  10:19  Marine  
  83  10:21  SCV x3  
  84  10:29  Medivac x2  
  84  10:30  Marine x2  
  84  10:31  Marauder  
  84  10:32  Siege Tank  
  84  10:35  Marine x2  
  95  10:37  Marine  
  96  10:48  Marine x2  
  96  10:52  Marauder, Marine  
  96  10:53  Marine  
  96  10:55  Marine  
  94  11:00  Supply Depot  
  94  11:03  Medivac  
  94  11:04  Medivac  
  97  11:06  Marine x2, Siege Tank  
  97  11:07  SCV x2  
  97  11:10  Marine x2  
  106  11:13  Marine  
  106  11:14  Marauder  
  109  11:24  Marine x2  
  111  11:28  Marine x2  
  111  11:31  Liberator x2, Marine  
  114  11:35  Marine  
  115  11:41  Marine  
  115  11:42  Marine  
  115  11:46  Marine x2  
  122  11:47  Siege Tank  
  122  11:48  Marine  
  122  11:52  Marine  
  121  11:59  Marine x2  
  123  12:04  Marine x2  
  123  12:06  Marine  
  123  12:09  Barracks  
  123  12:10  Marine  
  113  12:17  Liberator x2  
  98  12:22  Marine x2  
  98  12:23  Marine x2  
  98  12:24  Marine  
  98  12:29  Marauder, Refinery, Armory  
  105  12:38  Siege Tank  
  105  12:40  Marine x3  
  105  12:41  Marine  
  110  12:50  Marauder, Marine  
  108  12:52  SCV  
  108  12:57  SCV  
  108  12:58  SCV, Marine  
  111  13:00  Barracks Tech Lab  
  111  13:01  Barracks Tech Lab  
  111  13:04  SCV, Marine, Command Center  
  114  13:09  SCV  
  114  13:10  SCV  
  114  13:11  Marauder  
  114  13:12  Siege Tank  
  121  13:17  Medivac x2  
  91  13:46  SCV  
  91  13:47  SCV, Marine x5  
  91  13:48  Marauder  
  94  13:58  Siege Tank  
  103  14:05  Marine x4, Command Center x2  
  103  14:06  Marauder  
  103  14:09  Marine  
Tags
 
Add a new tag
Caveats
  • Supply blocks, unpowered buildings, or Contaminate may cause inaccurate times.
  • Supply counts are checked every 10 seconds.